 Dungeon Crawl Stone Soup version 0.29.0-4-gdea44cf6ec (webtiles) character file.

Game seed: 15850285758575827678

21 qw the Firebug (level 2, -1/23 HPs)
             Began as a Ghoul Fire Elementalist on Aug 29, 2022.
             Slain by a goblin
             ... wielding a +0 dagger
             ... led by Robin
              (4 damage)
             ... on level 2 of the Dungeon.
             The game lasted 00:00:45 (1197 turns).

qw the Firebug (Ghoul Fire Elementalist)            Turns: 1197, Time: 00:00:45

Health: -1/23      AC:  5    Str: 11    XL:     2   Next: 83%
Magic:  3/3        EV: 10    Int: 10    God:
Gold:   29         SH:  0    Dex:  9    Spells: 3/4 levels left

rFire   . . .      SeeInvis .     - Unarmed
rCold   + . .      Faith    .   (no shield)
rNeg    + + +      Spirit   .   e - +0 ring mail
rPois   inf        Reflect  .   (no helmet)
rElec   .          Harm     .   (no cloak)
rCorr   .          Rampage  .   (no gloves)
Will    .....                   (no boots)
Stlth   +.........              d - amulet of the acrobat
HPRegen 0.00/turn               (no ring)
MPRegen 0.08/turn               (no ring)

@: inhibited regen
A: claws 1, cold resistance 1, negative energy resistance 3, inhibited
regeneration, torment resistance 2, devour on kill
a: no special abilities


You were on level 2 of the Dungeon.
You visited 1 branch of the dungeon, and saw 2 of its levels.

You collected 29 gold pieces.


Innate Abilities, Weirdness & Mutations

You are immune to poison.
You have sharp fingernails.
Your flesh is cold resistant. (rC+)
You are immune to negative energy. (rN+++)
You do not regenerate when monsters are visible.
You are immune to unholy pain and torment.
You thrive by killing the living.


   Skills:
 - Level 1.0 Fighting
 - Level 1.7 Dodging
 - Level 2.1 Stealth
 + Level 2.2 Unarmed Combat
 - Level 1.7 Spellcasting
 - Level 0.7 Conjurations
 - Level 2.4 Fire Magic


You had 3 spell levels left.
You knew the following spells:

 Your Spells              Type           Power      Damage    Failure   Level
a - Foxfire               Conj/Fire      16%        2x1d4     38%         1

Your spell library contained the following spells:

 Spells                   Type           Power      Damage    Failure   Level
 Scorch                   Fire           10%        2d5       41%         2
 Conjure Flame            Conj/Fire      4%         6-21      77%         3
 Inner Flame              Hex/Fire       3%         N/A       82%         3
 Flame Wave               Conj/Fire      4%         2d5       99%         4

Inventory:

Armour
 e - a +0 ring mail (worn)
Jewellery
 a - a +4 ring of protection
 d - an amulet of the acrobat (around neck)
Scrolls
 b - a scroll of identify
Potions
 c - a potion of berserk rage {unknown}
 f - a potion of haste {unknown}
 j - a potion of mutation {unknown}

Dungeon Overview and Level Annotations

Branches:
Dungeon (2/15)

Altars:
Gozag

Annotations:
D:2 Robin


Message History

The goblin hits you with a +0 dagger.
You hear a shout!
1188 ||| Stepping ~*~*~tactically~*~*~ (outnumbered).
The goblin attacks as you move away! The goblin misses you.
Robin attacks as you move away! Robin hits you with a +0 club.
The adder completely misses you. Robin throws the goblin at you!
The goblin hits you but does no damage. The adder completely misses you.
1189 ||| Stepping ~*~*~tactically~*~*~ (outnumbered).
The goblin attacks as you move away! The goblin misses you.
Robin throws the goblin at you! The goblin hits you with a +0 club.
1190 ||| Stepping ~*~*~tactically~*~*~ (outnumbered).
Robin roars a battlecry!
The goblin closely misses you.
1191 ||| Stepping ~*~*~tactically~*~*~ (outnumbered).
You closely miss the adder.
The adder is moderately wounded.
The adder barely misses you. The adder bites you.
You scratch the adder.
The adder is heavily wounded.
The adder bites you but does no damage. The goblin hits you but does no damage.
The goblin barely misses you.
You completely miss the adder.
The adder is heavily wounded.
The adder barely misses you. The goblin barely misses you. x2
You completely miss the adder.
The adder is heavily wounded.
The adder bites you but does no damage. The goblin barely misses you.
The goblin hits you with a +0 dagger. The adder bites you but does no damage.
You claw the adder!
You kill the adder!
Robin roars a battlecry!
The goblin hits you but does no damage. The goblin closely misses you.
Your Unarmed Combat skill increases to level 2!
You scratch the goblin.
You kill the goblin!
The goblin no longer looks unusually strong.
Robin throws the goblin at you!
The hobgoblin hits you but does no damage.
The goblin hits you but does no damage. The goblin hits you with a +0 dagger.
You die...

....##..##...###.......#
....##).#8...8 #.......#
...###..##...# #.......#
##.#....##...###.......###
........##...##........g.#g
##....%.#8...8#..gg..g...:.
###....##...##.gg..g...#.#
#...........gg##.._..#
#....#.##..rg@##.......#
######.#########.....###
#.# #.##### #:. ..# ##. ...
.. ..


You could see Robin, 2 hobgoblins, 4 goblins and a rat.

Vanquished Creatures
  An adder (D:2)
  4 goblins
  2 hobgoblins (D:1)
  A ball python (D:1)
  A bat (D:1)
  A frilled lizard (D:2)
  4 rats
14 creatures vanquished.

Notes
Turn   | Place    | Note
-------+----------+-------------------------------------------
     0 | D:1      | qw the Ghoul Fire Elementalist began the quest for the Orb.
     0 | D:1      | Reached XP level 1. HP: 14/14 MP: 2/2
     0 | D:1      | 0 ||| qw: Version: 0.1-a-90-g952f4b7
     0 | D:1      | 0 ||| qw: Game counter: 4124
     0 | D:1      | 0 ||| qw: Always use a shield: true
     0 | D:1      | 0 ||| qw: God list: Okawaru
     0 | D:1      | 0 ||| qw: Allow faded altars: false
     0 | D:1      | 0 ||| qw: Do Orc after D:15 true
     0 | D:1      | 0 ||| qw: Do second Lair branch before Depths: true
     0 | D:1      | 0 ||| qw: Lair rune preference: random
     0 | D:1      | 0 ||| qw: Plans: Normal
     0 | D:1      | 0 ||| PLANNING D:1-11
    98 | D:1      | Found a faded altar of an unknown god.
   141 | D:1      | Reached skill level 1 in Unarmed Combat
   388 | D:1      | 388 ||| Stepping ~*~*~tactically~*~*~ (water).
   395 | D:1      | Reached skill level 1 in Fighting
   395 | D:1      | Reached XP level 2. HP: 13/23 MP: 3/3
  1007 | D:1      | 1007 ||| UPGRADING to +0 ring mail.
  1017 | D:1      | 1017 ||| DROPPING +0 robe.
  1018 | D:1      | 1018 ||| UPGRADING to amulet of the acrobat.
  1023 | D:1      | 1023 ||| READING scroll labelled ZIDEUJIUDUXT.
  1024 | D:1      | 1024 ||| READING scroll labelled QYVVAPHELO.
  1025 | D:1      | 1025 ||| READING scroll labelled XEBOJIPREN.
  1026 | D:1      | 1026 ||| DROPPING potion of magic.
  1116 | D:2      | 1116 ||| Stepping ~*~*~tactically~*~*~ (stealth).
  1117 | D:2      | 1117 ||| Stepping ~*~*~tactically~*~*~ (stealth).
  1122 | D:2      | 1122 ||| Stepping ~*~*~tactically~*~*~ (stealth).
  1125 | D:2      | 1125 ||| Stepping ~*~*~tactically~*~*~ (outnumbered).
  1126 | D:2      | 1126 ||| Stepping ~*~*~tactically~*~*~ (outnumbered).
  1127 | D:2      | 1127 ||| Stepping ~*~*~tactically~*~*~ (outnumbered).
  1128 | D:2      | 1128 ||| Stepping ~*~*~tactically~*~*~ (outnumbered).
  1129 | D:2      | 1129 ||| Stepping ~*~*~tactically~*~*~ (outnumbered).
  1178 | D:2      | Found an opulent altar of Gozag.
  1179 | D:2      | Noticed Robin
  1188 | D:2      | 1188 ||| Stepping ~*~*~tactically~*~*~ (outnumbered).
  1189 | D:2      | 1189 ||| Stepping ~*~*~tactically~*~*~ (outnumbered).
  1190 | D:2      | 1190 ||| Stepping ~*~*~tactically~*~*~ (outnumbered).
  1191 | D:2      | 1191 ||| Stepping ~*~*~tactically~*~*~ (outnumbered).
  1195 | D:2      | HP: 3/23 [goblin/+0 dagger[Robin] (4)]
  1197 | D:2      | Slain by a goblin

Levels and vault maps discovered:
D:1:      shiori_shiawase, layout_basic, hellmonk_ecumenical_altar_crossroads,
          minivault_4, roderic_lattice_a, st_stairs_7, serial_bayou_lagoon_b
D:2:      cheibrodos_old_hovel, layout_basic, basic_altar, serial_corexii_hall,
          corexii_hall_statues_l, chequers_hall_statues_y,
          corexii_hall_statues_i, uniq_jessica, uniq_robin

Skill      XL: |  1  2 |
---------------+-------+-----
Unarmed Combat | 1 2 |  2.2
Fighting       | 1 |  1.0
Dodging        | |  1.7
Stealth        | |  2.1
Spellcasting   | |  1.7
Conjurations   | |  0.7
Fire Magic     | |  2.4

Action                   || total
-------------------------++-------
Melee: Unarmed           ||    47
  Use: Scroll            ||     3
Armor: Robe              ||     2
       Ring mail         ||    12
Dodge: Dodged            ||    33

Table legend:
 A = Non-vault XP
 B = Vault XP
 C = Vault XP percentage of total XP
 D = Non-vault monster count
 E = Vault monster count
 F = Vault count percentage of total count
                 A         B        C        D         E       F
            +---------+---------+-------+---------+---------+-------
      Total |      30 |       2 |   6.2 |      13 |       1 |   7.1
            +---------+---------+-------+---------+---------+-------
        D:1 |      12 |       0 |   0.0 |       8 |       0 |   0.0
        D:2 |      18 |       2 |  10.0 |       5 |       1 |  16.7
            +---------+---------+-------+---------+---------+-------
